 Dungeon Crawl Stone Soup version 0.30-a0-778-g2ef04afb54 (webtiles) character file.

Game seed: 16834327332662181927

166319 Lobster4 the Spry (level 17, -20/140 HPs)
             Began as a Merfolk Ice Elementalist on Feb 16, 2023.
             Was a High Priest of Sif Muna.
             Killed from afar by a spriggan druid (40 damage)
             ... with a stone arrow
             ... on level 4 of the Swamp.
             The game lasted 02:27:38 (34179 turns).

Lobster4 the Spry (Merfolk Ice Elementalist)       Turns: 34179, Time: 02:27:39

Health: -20/140    AC: 13    Str:  9    XL:     17   Next: 60%
Magic:  33/33      EV: 21    Int: 27    God:    Sif Muna [*****.]
Gold:   3084       SH:  7    Dex: 15    Spells: 21/40 levels left

rFire   + + .      SeeInvis +    y - +8 long sword "Areunicu" {spect, Fragile rPois rF++}
rCold   + + .      Faith    .    B - +2 buckler
rNeg    + . .      Spirit   .    Z - +1 robe of Unambiguity {rC++}
rPois   +          Reflect  .    Q - +1 helmet {SInv}
rElec   .          Harm     .    f - +1 cloak {Will+}
rCorr   .          Rampage  .    d - +1 pair of gloves
Will    ++...                    S - +2 pair of boots
Stlth   ++                       o - amulet of regeneration
HPRegen 1.23/turn                l - +6 ring of intelligence
MPRegen 0.23/turn                u - ring of positive energy

@: no status effects
A: (nimble swimmer 2), mertail
}: 1/15 runes: decaying
a: Renounce Religion, Channel Magic, Forget Spell, Divine Exegesis


You were on level 4 of the Swamp.
You worshipped Sif Muna.
Sif Muna was extremely pleased with you.
You visited 5 branches of the dungeon, and saw 27 of its levels.
You also visited: Gauntlet.

You collected 3323 gold pieces.
You spent 239 gold pieces at shops.

Inventory:

Hand Weapons
 h - the +6 trident of Xinig {freeze, rElec Will+ Dex+3}
   (You found it on level 5 of the Dungeon)

   Dex:       It affects your dexterity (+3).
   rElec:     It insulates you from electricity.
   Will:      It increases your willpower.
 y - the +8 long sword "Areunicu" (weapon) {spect, Fragile rPois rF++}
   (You bought it in a shop on level 2 of the Dungeon)

   rF:        It greatly protects you from fire.
   rPois:     It protects you from poison.
   Fragile:   It will be destroyed if unequipped.
 T - a +4 scimitar of flaming
Missiles
 q - 11 javelins
 s - 66 poisoned darts
 x - 12 boomerangs (quivered)
 z - 5 silver javelins
 Y - 5 curare-tipped darts
Armour
 d - a +1 pair of gloves (worn)
 f - a +1 cloak of willpower (worn)
 B - a +2 buckler (worn)
 I - a +2 robe of willpower
 Q - a +1 helmet of see invisible (worn)
 S - a +2 pair of boots (worn)
 X - a +2 robe of positive energy
 Z - the +1 robe of Unambiguity (worn) {rC++}
   (You found it on level 1 of the Lair of Beasts)

   rC:        It greatly protects you from cold.
Jewellery
 g - an amulet of reflection
 l - a +6 ring of intelligence (left hand)
 o - an amulet of regeneration (around neck)
 r - a +6 ring of intelligence
 u - a ring of positive energy (right hand)
 v - a ring of protection from cold
 G - a ring of willpower
 R - a ring of ice
 W - a +6 ring of dexterity
Wands
 j - a wand of flame (4)
 K - a wand of light (33)
 L - a wand of digging (13)
 O - a wand of paralysis (14)
 U - a wand of iceblast (16)
 V - a wand of mindburst (15)
Scrolls
 k - a scroll of immolation
 p - 3 scrolls of fog
 w - 5 scrolls of identify
 D - 3 scrolls of poison
 F - a scroll of silence
 H - 6 scrolls of teleportation
Potions
 a - 3 potions of mutation
 b - 3 potions of magic
 c - 6 potions of cancellation
 e - 5 potions of might
 m - 10 potions of curing
 n - 4 potions of berserk rage
 t - a potion of ambrosia
 A - 2 potions of brilliance
 C - a potion of resistance
 E - 4 potions of haste
 J - 2 potions of invisibility
 M - 4 potions of lignification
Miscellaneous
 i - a phial of floods


   Skills:
 + Level 14.3 Fighting
 - Level 14.0 Long Blades
 - Level 1.0 Polearms
 - Level 3.0 Throwing
 + Level 3.8 Armour
 + Level 17.0 Dodging
 - Level 3.0 Stealth
 - Level 6.0 Shields
 + Level 12.2 Spellcasting
 - Level 5.0 Conjurations
 - Level 4.0 Summonings
 + Level 15.0 Ice Magic
 - Level 8.0 Invocations
 - Level 3.0 Evocations


You had 21 spell levels left.
You knew the following spells:

 Your Spells              Type           Power      Damage    Failure   Level
a - Magic Dart            Conj           100%       1d8       1%          1
b - Searing Ray           Conj           86%        2d7       1%          2
c - Freeze                Ice            100%       1d10      0%          1
d - Frozen Ramparts       Ice            100%       1d16      1%          3
e - Ozocubu's Armour      Ice            78%        N/A       1%          3
f - Hailstorm             Conj/Ice       63%        3d13      1%          3
g - Summon Ice Beast      Ice/Summ       61%        N/A       1%          4
h - Ensorcelled Hibernat  Hex/Ice        100%       N/A       1%          2

Your spell library contained the following spells:

 Spells                   Type           Power      Damage    Failure   Level
 Kiss of Death            Conj/Necr      100%       2d13      1%          1
 Shock                    Conj/Air       100%       1d9       1%          1
 Summon Small Mammal      Summ           100%       N/A       1%          1
 Call Imp                 Summ           38%        N/A       1%          2
 Momentum Strike          Conj/Tloc      60%        3d9       2%          2
 Static Discharge         Conj/Air       60%        2-5/arc   2%          2
 Apportation              Tloc           32%        N/A       4%          1
 Necrotise                Necr           64%        1d7       4%          1
 Slow                     Hex            64%        N/A       4%          1
 Dazzling Flash           Conj/Hex       60%        N/A       4%          3
 Lesser Beckoning         Tloc           32%        N/A       7%          2
 Passwall                 Tmut/Erth      13%        N/A       7%          2
 Wereblood                Tmut           16%        N/A       7%          2
 Mephitic Cloud           Conj/Pois/Air  25%        N/A       7%          3
 Freezing Cloud           Conj/Ice/Air   25%        6-21      8%          5
 Ignite Poison            Fire/Tmut/Pois 16%        N/A       13%         3
 Kindle Blastsparks       Fire/Tloc/Air  32%        2d12      13%         3
 Spider Form              Tmut/Pois      16%        N/A       13%         3
 Swiftness                Air            16%        N/A       13%         3
 Flame Wave               Conj/Fire      30%        2d9       16%         4
 Iskenderun's Mystic Bla  Conj/Tloc      30%        2d8       16%         4
 Sticky Flame             Conj/Fire      30%        2d5       16%         4
 Simulacrum               Ice/Necr       27%        N/A       30%         6
 Anguish                  Hex/Necr       8%         N/A       41%         4
 Animate Dead             Necr           16%        N/A       41%         4
 Manifold Assault         Tloc           16%        N/A       41%         4
 Arcjolt                  Conj/Air       15%        1d25      41%         5
 Fireball                 Conj/Fire      15%        3d8       41%         5
 Irradiate                Conj/Tmut      15%        3d16      41%         5
 Summon Forest            Summ/Tloc      13%        N/A       47%         5
 Summon Mana Viper        Hex/Summ       27%        N/A       47%         5
 Yara's Violent Unravell  Hex/Tmut       8%         3d5       77%         5
 Iron Shot                Conj/Erth      15%        9d4       94%         6
 Starburst                Conj/Fire      15%        6d6       94%         6
 Orb of Destruction       Conj           21%        9d8       99%         7
 Spellforged Servitor     Conj/Summ      20%        N/A       99%         7
 Dispersal                Tloc           8%         N/A       100%        6
 Eringya's Noxious Bog    Tmut/Pois      8%         N/A       100%        6
 Statue Form              Tmut/Erth      10%        N/A       100%        6
 Enfeeble                 Hex            8%         N/A       100%        7
 Haunt                    Necr/Summ      13%        N/A       100%        7
 Malign Gateway           Summ/Tloc      13%        N/A       100%        7
 Storm Form               Tmut/Air       8%         N/A       100%        7
 Summon Hydra             Summ           19%        N/A       100%        7
 Discord                  Hex            8%         N/A       100%        8
 Disjunction              Tloc           8%         N/A       100%        8
 Ignition                 Fire           8%         3d5       100%        8
 Infestation              Necr           8%         N/A       100%        8
 Lehudib's Crystal Spear  Conj/Erth      15%        10d5      100%        8
 Summon Horrible Things   Summ           19%        N/A       100%        8
 Polar Vortex             Ice            39%        N/A       100%        9


Dungeon Overview and Level Annotations

Branches:
Dungeon (15/15)            Temple (1/1) D:7            Lair (5/5) D:11
  Swamp (4/4) Lair:2        Snake (0/4) Lair:3        Slime (0/5) Lair:4
    Orc (2/2) D:9             Elf (0/3) Orc:2        Vaults (0/5) D:14
 Depths (0/4) D:15        Gauntlet (visited)

Altars:
Ashenzari
Cheibriados
Dithmenos
Elyvilon
Fedhas
Gozag
Hepliaklqana
Kikubaaqudgha
Makhleb
Nemelex Xobeh
Okawaru
Qazlal
Ru
Sif Muna
Trog
Uskayaw
Vehumet
Wu Jian
Xom
Yredelemnul
Zin
The Shining One
Jiyva

Shops:
D:2 :(:[   Orc:2 ![!*

Annotations:
D:10 Urug
Lair:4 1 runed translucent door
Swamp:4 exclusion: oklob plant


Innate Abilities, Weirdness & Mutations

((You are very nimble when in or above water. (Stealth+, EV+, Speed+++)))
Your lower body shifts to a powerful aquatic tail in water.


Message History

Your +8 long sword "Areunicu" {spect, Fragile rPois rF++} hits the thorn hunter!
You block the thorn hunter's attack. The thorn hunter barely misses you.
You hit the thorn hunter.
The thorn hunter is moderately damaged.
Your +8 long sword "Areunicu" {spect, Fragile rPois rF++} hits the thorn hunter!
The thorn hunter fires a volley of thorns at you.
The volley of thorns hits you!!
A spriggan druid comes into view. It is wielding a +0 quarterstaff.
You hit the thorn hunter but do no damage.
The thorn hunter is heavily damaged.
Your +8 long sword "Areunicu" {spect, Fragile rPois rF++} barely misses the thorn hunter.
The thorn hunter closely misses you.
The thorn hunter hits you but does no damage.
You block the spriggan druid's attack.
As you read the scroll of teleportation, it crumbles to dust.
You feel strangely unstable.
The spriggan druid gestures wildly while chanting.
The forest starts to sway and rumble!
You block the thorn hunter's attack. The thorn hunter hits you.
The spriggan druid hits you with a +0 quarterstaff!
You hit the thorn hunter but do no damage.
The thorn hunter is heavily damaged.
Your +8 long sword "Areunicu" {spect, Fragile rPois rF++} hits the thorn hunter.
You feel roots moving beneath the ground.
You are hit by a branch!
* * * LOW HITPOINT WARNING * * *
The thorn hunter hits you!!
* * * LOW HITPOINT WARNING * * *
The thorn hunter hits you!
* * * LOW HITPOINT WARNING * * *
Your legs become a tail as you enter the water.
Your +2 pair of boots melds into your body.
You block the spriggan druid's attack.
Your surroundings seem slightly different.
Your +2 pair of boots unmelds from your body.
The thorn hunter fires a volley of thorns at you.
The volley of thorns misses you.
The spriggan druid points at you and mumbles some strange words.
The stone arrow hits you!!!
You die...

♣♣~♣~♣♣ ♣♣♣♣♣ ♣.~..~♣
♣.~.♣ ♣♣..~♣♣ <.~.♣
♣♣~...♣♣♣♣♣ )~♣♣♣
♣♣♣~~.~~♣~♣~♣♣ [♣♣♣♣
♣♣.♣........).♣
~[..♣♣♣.~...♣..~...§♣
~~~~.♣...~.~~.......♣
~~~).......~~##.@.♣##
~~~~~~~.~~~~#♣♣#..♣#
♣♣♣§~~~~.~.♣##~§i..#
~♣♣~~~~~.♣#♣##.~fi.♣♣
.♣♣~~~~~~..##..~..f~#♣
~♣♣~....##~.~....~...♣#
~~♣♣~)..###~.~.~§~..~~♣
~.♣§~~### #..~§.#~~♣.~♣
~.~.)######~#♣♣♣♣##♣.~♣


You could see 2 thorn hunters and 2 spriggan druids.

Vanquished Creatures
  2 tentacled monstrosities
  Mlioglotl (Swamp:3)
  2 thorn hunters (Swamp:4)
  Roxanne (Swamp:4)
  A stone giant (D:15)
  3 eleionomae
  2 vampire knights (Swamp:4)
  3 bunyips
  A minotaur (Gauntlet)
  Harold (D:9)
  A fire dragon (D:14)
  Josephine (Orc:1)
  Fannar (D:10)
  A shambling mangrove (Swamp:4)
  4 ghost crabs
  Erica (D:9)
  2 ogre magi (D:15)
  9 hydras
  5 catoblepae
  10 alligators
  4 boulder beetles
  5 centaur warriors
  6 death yaks
  10 two-headed ogres
  2 tengu warriors (D:15)
  A deep troll shaman (Lair:5)
  Amaemon (D:11)
  2 fire crabs
  Lodul (D:12)
  3 goliath frogs (Swamp:2)
  2 flayed ghosts (Swamp:4)
  A deep troll (D:14)
  3 spectral hydras (Swamp:4)
  A phantasmal warrior (D:14)
  4 swamp dragons
  6 spriggan druids
  6 bog bodies
  2 necromancers
  A lindwurm (Lair:5)
  5 ugly things
  7 orc sorcerers (Orc:2)
  2 deep elf pyromancers
  2 orc knights
  6 will-o-the-wisps
  5 manticores
  4 cyclopes
  An ice statue (Swamp:3)
  6 elephants
  An orange demon (Lair:1)
  5 black mambas
  3 torpor snails
  Maggie (D:10)
  A gargoyle (D:13)
  14 cane toads
  3 efreet
  3 yaktaurs (D:15)
  3 unseen horrors
  A tengu conjurer (D:15)
  4 rime drakes
  A freezing wraith (Swamp:4)
  10 komodo dragons
  2 hydra zombies (Swamp:4)
  5 death drake zombies (Swamp:4)
  9 tyrant leeches
  3 polar bears
  Prince Ribbit (D:7)
  8 trolls
  8 hornets
  9 dream sheep
  14 blink frogs
  A centaur simulacrum (D:15)
  3 slime creatures (D:15)
  16 spriggans
  33 yaks
  2 shadows
  A yak (shapeshifter) (D:15)
  9 humans
  2 fire bats (Gauntlet)
  7 wraiths
  A fire elemental (D:15)
  5 wyverns
  7 basilisks
  2 vampire mosquitoes (D:14)
  A steam dragon (D:8)
  7 wargs
  18 swamp worms
  3 hydra simulacra (Swamp:4)
  24 water moccasins
  5 ice beasts
  6 swamp drakes
  3 swamp dragon zombies (Swamp:4)
  14 orc warriors
  2 black bears
  2 sky beasts (D:7)
  A black bear (shapeshifter) (D:14)
  27 wolves
  21 ogres
  15 centaurs
  4 kobold brigands
  10 bullfrogs
  A gnoll sergeant (D:9)
  A necrophage (D:7)
  5 scorpions
  12 wights
  10 killer bees
  3 howler monkeys (D:9)
  An electric eel (Lair:2)
  17 orc priests
  12 hounds
  2 jellies
  2 gnoll boudas (D:7)
  7 iguanas
  40 orc wizards
  A nameless horror (Gauntlet)
  4 adders
  12 gnolls
  2 shadow imps
  2 white imps
  An ufetubus (D:3)
  2 worms (D:2)
  2 dart slugs
  76 orcs
  5 ball pythons
  9 endoplasms
  4 giant cockroaches (D:1)
  11 goblins
  10 hobgoblins
  4 jackals
  2 quokkas
  2 bats (D:3)
  31 kobolds
  7 rats
  4 briar patches (Swamp:4)
816 creatures vanquished.

Vanquished Creatures (collateral kills)
  An eleionoma (Swamp:4)
  3 bunyips
  7 hydras
  A catoblepas (D:14)
  An alligator (Swamp:3)
  A spriggan druid (Swamp:2)
  A swamp dragon (Swamp:2)
  A death drake (Swamp:4)
  2 komodo dragons
  A tyrant leech (Swamp:3)
  A polar bear (Lair:2)
  2 blink frogs (Lair:5)
  3 hornets (Swamp:3)
  A dream sheep (Lair:5)
  3 slime creatures (D:15)
  A spriggan (Swamp:3)
  5 yaks
  A swamp worm (Swamp:3)
  A swamp drake (Swamp:4)
  A black bear (Lair:5)
  A wolf (Gauntlet)
39 creatures vanquished.

Vanquished Creatures (others)
  4 bloated husks
  2 spriggans (Swamp:4)
  A fire elemental (D:15)
  2 swamp drakes (Swamp:4)
  An orc wizard (Orc:2)
  13 briar patches (Swamp:4)
  24 foxfires
  58 fungi
  171 plants
276 creatures vanquished.

Grand Total: 1131 creatures vanquished

Notes
Turn   | Place    | Note
-------+----------+-------------------------------------------
     0 | D:1      | Lobster4 the Merfolk Ice Elementalist began the quest for
                  | the Orb.
     0 | D:1      | Reached XP level 1. HP: 13/13 MP: 3/3
   200 | D:1      | Reached XP level 2. HP: 18/20 MP: 3/5
   201 | D:1      | Reached skill level 3 in Dodging
   544 | D:1      | You fall into a shaft and drop 1 floor!
   557 | D:2      | Found Qogy's Armour Shop.
   666 | D:1      | Reached XP level 3. HP: 25/25 MP: 4/6
   702 | D:1      | Reached skill level 1 in Fighting
   819 | D:1      | Learned a level 3 spell: Frozen Ramparts
  1191 | D:2      | Found Domyib's Book Boutique.
  1633 | D:2      | Noticed a scorpion
  1638 | D:2      | Killed a scorpion
  1639 | D:2      | Reached XP level 4. HP: 33/33 MP: 4/7
  1678 | D:2      | Found Qoinac's Book Boutique.
  1679 | D:2      | Found Jeupuyg's Antique Weapon Boutique.
  1851 | D:2      | Reached XP level 5. HP: 36/38 MP: 8/8
  2222 | D:2      | Bought a slimy long sword for 187 gold pieces
  2222 | D:2      | Identified the +8 long sword "Areunicu" {spect, Fragile
                  | rPois rF++} (You bought it in a shop on level 2 of the
                  | Dungeon)
  2331 | D:3      | Reached skill level 1 in Armour
  2589 | D:3      | Found an iron altar of Okawaru.
  3023 | D:4      | Reached skill level 1 in Long Blades
  3023 | D:4      | Reached skill level 4 in Dodging
  3023 | D:4      | Reached skill level 5 in Ice Magic
  3027 | D:4      | Learned a level 3 spell: Ozocubu's Armour
  3090 | D:4      | Reached XP level 6. HP: 44/44 MP: 5/10
  3172 | D:4      | Reached skill level 1 in Throwing
  3242 | D:4      | Found a broken altar of Ashenzari.
  3902 | D:5      | Entered Level 5 of the Dungeon
  3990 | D:5      | Reached XP level 7. HP: 51/51 MP: 5/11
  4404 | D:5      | Learned a level 3 spell: Hailstorm
  4505 | D:5      | Reached skill level 5 in Dodging
  4652 | D:5      | Reached XP level 8. HP: 51/58 MP: 13/13
  4746 | D:5      | Identified the +6 trident of Xinig {freeze, rElec Will+
                  | Dex+3}
  4992 | D:5      | Reached skill level 1 in Conjurations
  5136 | D:5      | Reached skill level 5 in Long Blades
  5491 | D:6      | Reached skill level 6 in Dodging
  5556 | D:6      | Reached XP level 9. HP: 52/66 MP: 4/15
  6010 | D:7      | Noticed Prince Ribbit
  6020 | D:7      | Killed Prince Ribbit
  6280 | D:7      | Reached skill level 5 in Fighting
  6339 | D:7      | Found an ornate altar of the Wu Jian Council.
  6500 | D:7      | Reached skill level 7 in Dodging
  6512 | D:7      | Found a staircase to the Ecumenical Temple.
  6534 | Temple   | Entered the Ecumenical Temple
  6660 | Temple   | Became a worshipper of Sif Muna the Loreminder
  6712 | D:7      | Reached skill level 5 in Spellcasting
  6873 | D:7      | Found a hide-covered altar of Uskayaw.
  6873 | D:7      | Found a white marble altar of Elyvilon.
  7023 | D:8      | Reached skill level 1 in Invocations
  7023 | D:8      | Reached skill level 1 in Evocations
  7202 | D:8      | Reached XP level 10. HP: 64/75 MP: 10/17
  7677 | D:8      | Reached skill level 8 in Dodging
  7680 | D:8      | Reached * piety under Sif Muna
  8338 | D:9      | Reached skill level 9 in Dodging
  8338 | D:9      | Reached XP level 11. HP: 84/84 MP: 9/20
  8479 | D:9      | Found a staircase to the Orcish Mines.
  8526 | D:9      | Noticed Erica
  8535 | D:9      | Found a radiant altar of Vehumet.
  8537 | D:9      | Found a sacrificial altar of Ru.
  8671 | D:9      | Noticed Harold
  8694 | D:9      | Killed Harold
  8740 | D:9      | Reached ** piety under Sif Muna
  9392 | D:10     | Entered Level 10 of the Dungeon
  9493 | D:10     | Noticed Fannar
  9544 | D:10     | Killed Fannar
  9545 | D:10     | Reached skill level 1 in Polearms
  9895 | D:10     | Noticed Urug
 10146 | D:10     | Found a shadowy altar of Dithmenos.
 10146 | D:10     | Found a hazy altar of Hepliaklqana.
 10186 | D:10     | Noticed Maggie
 10196 | D:10     | Killed Maggie
 10262 | D:10     | Found a runed translucent door.
 10265 | D:10     | Found a basalt altar of Yredelemnul.
 10809 | D:11     | Reached skill level 10 in Dodging
 11042 | D:11     | Found a staircase to the Lair.
 11451 | D:12     | Noticed a boulder beetle
 11504 | D:12     | Killed a boulder beetle
 11918 | D:12     | Noticed a two-headed ogre
 11935 | D:12     | Killed a two-headed ogre
 11956 | Lair:1   | Entered Level 1 of the Lair of Beasts
 11956 | Lair:1   | Noticed Amaemon
 12197 | D:12     | Noticed a two-headed ogre
 12327 | D:12     | Noticed a cyan ugly thing
 12327 | D:12     | Noticed a two-headed ogre
 12345 | D:12     | Killed a two-headed ogre
 12346 | D:12     | Reached XP level 12. HP: 65/94 MP: 13/23
 12473 | D:12     | Noticed a centaur warrior
 12474 | D:12     | Reached skill level 10 in Ice Magic
 12481 | D:12     | Killed a centaur warrior
 12625 | D:12     | Killed a two-headed ogre
 12626 | D:12     | Reached skill level 11 in Dodging
 12654 | D:12     | Noticed Lodul
 12800 | D:9      | Killed Erica
 12908 | Orc:1    | Entered Level 1 of the Orcish Mines
 12924 | Orc:1    | Reached *** piety under Sif Muna
 13152 | Orc:1    | Noticed a two-headed ogre
 13170 | Orc:1    | Killed a two-headed ogre
 13214 | Orc:1    | Learned a level 4 spell: Summon Ice Beast
 13274 | Orc:1    | Noticed Josephine
 13291 | Orc:1    | Killed Josephine
 13300 | Orc:1    | Reached skill level 1 in Summonings
 13865 | Orc:2    | Entered Level 2 of the Orcish Mines
 13965 | Orc:2    | Reached **** piety under Sif Muna
 13974 | Orc:2    | Found a staircase to the Elven Halls.
 14240 | Orc:2    | Reached skill level 12 in Dodging
 14252 | Orc:2    | Reached skill level 10 in Fighting
 14253 | Orc:2    | Reached XP level 13. HP: 86/103 MP: 14/25
 14363 | Orc:2    | Found Beiwn's Distillery.
 14363 | Orc:2    | Found Cyimp's Antique Armour Boutique.
 14708 | Orc:2    | Found Xicuorob's Distillery.
 14708 | Orc:2    | Found Owkam's General Store.
 14758 | Orc:2    | Reached ***** piety under Sif Muna
 15080 | Orc:2    | Bought a potion of might for 52 gold pieces
 15452 | D:11     | Killed Amaemon
 15853 | Lair:1   | Identified the +1 robe of Unambiguity {rC++}
 15990 | Lair:1   | You fall into a shaft and drop 1 floor!
 16144 | Lair:2   | Found a staircase to the Swamp.
 16636 | Lair:2   | Received a gift from Sif Muna
 16644 | Lair:2   | Got Sif Muna's Grimoire of the Lethal Wind {god gift}
 16701 | Lair:2   | Reached skill level 5 in Invocations
 16881 | Lair:2   | Reached skill level 10 in Long Blades
 17066 | Lair:1   | Reached skill level 13 in Dodging
 18125 | Lair:3   | Reached XP level 14. HP: 110/113 MP: 27/27
 18416 | Lair:3   | Found a staircase to the Snake Pit.
 19108 | Lair:4   | Found a runed translucent door.
 19109 | Lair:4   | Found a viscous altar of Jiyva.
 19110 | Lair:4   | Noticed an azure jelly
 19111 | Lair:4   | Found a staircase to the Slime Pits.
 19111 | Lair:4   | Noticed an azure jelly
 19111 | Lair:4   | Noticed an azure jelly
 20216 | Lair:4   | Received a gift from Sif Muna
 20227 | Lair:4   | Learned a level 2 spell: Ensorcelled Hibernation
 20409 | Lair:4   | Identified the +7 broad axe "Vajonisu" {flame, rElec}
 20730 | Lair:5   | Entered Level 5 of the Lair of Beasts
 20759 | Lair:5   | Reached skill level 10 in Spellcasting
 20762 | Lair:5   | Reached skill level 14 in Dodging
 21058 | Lair:5   | Reached skill level 5 in Conjurations
 21818 | Lair:5   | Reached skill level 1 in Shields
 21818 | Lair:5   | Reached XP level 15. HP: 95/120 MP: 23/29
 21998 | Lair:5   | Received a gift from Sif Muna
 21999 | Lair:5   | Got Sif Muna's Book of the Assistive Fjord {god gift}
 22108 | Lair:5   | Got Suhoj's Directory of Transforming Obstruction
 22408 | D:12     | Killed Lodul
 22973 | D:13     | Found a gate leading to a gauntlet.
 22984 | Gauntlet | Entered a Gauntlet
 22984 | Gauntlet | Found a transporter.
 22984 | Gauntlet | Found a transporter.
 23020 | Gauntlet | Found a transporter.
 23022 | Gauntlet | Found a transporter.
 23035 | Gauntlet | Found a transporter.
 23036 | Gauntlet | Found a transporter.
 23041 | Gauntlet | Found a runed translucent gate.
 23041 | Gauntlet | Found a runed translucent gate.
 23041 | Gauntlet | Found a runed translucent gate.
 23043 | Gauntlet | Found a transporter.
 23062 | Gauntlet | Found a transporter.
 23079 | Gauntlet | Found a transporter.
 23083 | Gauntlet | Found a transporter.
 23092 | Gauntlet | Found a transporter.
 23096 | Gauntlet | Found a transporter.
 23297 | Gauntlet | Identified the +2 pair of gloves of Ethruol {-Cast Regen+
                  | Dex+4}
 23312 | Gauntlet | Identified the +7 fire dragon scales of Wummirr {rPois rF++
                  | rC- Dex+3}
 23377 | Gauntlet | Got the Vellum of Nonlocality
 24764 | D:14     | Reached skill level 15 in Dodging
 25050 | D:14     | Found a gate to the Vaults.
 25191 | D:15     | Entered Level 15 of the Dungeon
 25785 | D:15     | Received a gift from Sif Muna
 25786 | D:15     | Got Sif Muna's Papyrus of Assembled Metamorphosis {god
                  | gift}
 25867 | D:15     | Reached XP level 16. HP: 129/129 MP: 22/31
 26564 | D:15     | Identified the +1 scale mail of Sunlight {-Tele Dex+5}
 26613 | D:15     | Found a staircase to the Depths.
 26824 | Swamp:1  | Entered Level 1 of the Swamp
 27208 | Swamp:1  | Reached skill level 5 in Shields
 28974 | Swamp:2  | Received a gift from Sif Muna
 28986 | Swamp:2  | Got Sif Muna's Atlas of Toxins and Percussion {god gift}
 29001 | Swamp:2  | Found an ancient bone altar of Kikubaaqudgha.
 29025 | Swamp:2  | Identified the +1 cloak of the Will of the Gods {rF++ MP+9
                  | Int-3}
 29086 | Swamp:2  | Identified the +1 fire dragon scales of Delicate Freedom
                  | {Harm rF++ rC- MP+9 Int+3}
 29147 | Swamp:2  | Noticed a tentacled monstrosity
 29168 | Swamp:2  | Killed a tentacled monstrosity
 29775 | Swamp:3  | Reached skill level 16 in Dodging
 31168 | Swamp:3  | Noticed Mlioglotl
 31180 | Swamp:3  | Noticed a bone dragon
 31180 | Swamp:3  | Killed Mlioglotl
 31237 | Swamp:3  | Paralysed by a hornet for 1 turns
 31713 | Swamp:3  | Reached XP level 17. HP: 130/138 MP: 32/32
 31773 | Swamp:4  | Entered Level 4 of the Swamp
 31943 | Swamp:4  | Identified Roxanne's Enchiridion on the Switch
 31943 | Swamp:4  | Noticed Roxanne
 32428 | Swamp:4  | Received a gift from Sif Muna
 32496 | Swamp:4  | Got Sif Muna's Spellbook of Attacks {god gift}
 32502 | Swamp:4  | Learned a level 1 spell: Magic Dart
 32505 | Swamp:4  | Learned a level 2 spell: Searing Ray
 32521 | Swamp:4  | Noticed a tentacled monstrosity
 32669 | Swamp:4  | Killed a tentacled monstrosity
 33732 | Swamp:4  | Reached skill level 17 in Dodging
 33732 | Swamp:4  | Reached skill level 15 in Ice Magic
 33783 | Swamp:4  | Found a basalt altar of Yredelemnul.
 33795 | Swamp:4  | Got a decaying rune of Zot
 34036 | Swamp:4  | Killed Roxanne
 34160 | Swamp:4  | Found a blossoming altar of Fedhas.
 34179 | Swamp:4  | Killed from afar by a spriggan druid

Illustrated notes

Levels and vault maps discovered:
D:1:      onia_arrival_handbag, layout_loops_cross, minmay_misc_feat_hallway,
          grunt_decor_arrowhead
D:2:      layout_basic, serial_shops, shop, shop, shop, nicolae_shop_crystal
D:3:      layout_basic, hellmonk_okawaru_the_only_friend_you_need,
          hangedman_decor_growths, amethyst_killhole
D:4:      layout_loops_ring, nicolae_overflow_crystal_walls,
          chequers_serial_rivers_large_b
D:5:      layout_loops_ring, chequers_serial_rivers_small_3
D:6:      layout_rooms
D:7:      layout_cave_pools, amethyst_overflow_temple_binary,
          mainiacjoe_overflow_alcove_2, minmay_temple_entry_ruins,
          uniq_prince_ribbit1
D:8:      erik_cavepeople, layout_basic, minmay_misc_feat_rows
D:9:      layout_roguey, minitemple, david_orc_3, kennysheep_windowed_goal,
          uniq_harold, uniq_erica
D:10:     layout_irregular_city, riverfiend_overflow_shadow_ancestor,
          dk_yredelemnul_ordeal, uniq_urug, uniq_maggie, uniq_fannar
D:11:     layout_basic, due_lair_maze_entry_diamond
D:12:     layout_rooms, uniq_lodul
D:13:     layout_loops_cross, gauntlet_entry_generic
D:14:     layout_rooms, david_vaults_4, serial_glass, glass_columns_a,
          glass_columns_a, glass_columns_b, glass_columns_b, item_on_display_b
D:15:     grunt_enter_depths_snipers, layout_basic, minmay_misc_feat_x,
          kennysheep_inner_square
Temple:   minmay_temple_bridge_abc
Lair:1:   layout_cave_shapes, nicolae_lair_grove_arrangements,
          lemuel_fruit_tree, uniq_amaemon
Lair:2:   layout_cave_pods, swamp_mist, st_stairs_6,
          infiniplex_staircase_pool_2, grunt_megastairs_4, serial_bayou_shore_a
Lair:3:   beast_lair_carwin_large_3, layout_long_grid,
          minmay_snake_entry_six_corridors, lemuel_fruit_fields
Lair:4:   nzn_winding_woodlands_huge [nzn_winding_woodlands_5x15_twine,
          nzn_winding_woodlands_5x15_default,
          nzn_winding_woodlands_5x15_longhouse, nzn_winding_woodlands_5x15_eye,
          nzn_winding_woodlands_5x15_pool, nzn_winding_woodlands_5x15_cabin,
          nzn_winding_woodlands_5x15_lazy_stream,
          nzn_winding_woodlands_5x15_jagged, nzn_winding_woodlands_5x15_crooked,
          nzn_winding_woodlands_5x15_sawtooth,
          nzn_winding_woodlands_center_pierced_h,
          nzn_winding_woodlands_center_diamonds,
          nzn_winding_woodlands_15x15_five_gardens], layout_regular_city,
          slime_entry_2
Lair:5:   grunt_lair_end_beastmaster, layout_loops_ring
Swamp:1:  layout_basic_swamp, nicolae_swamp_small_spring
Swamp:2:  layout_falls_marsh, hangedman_swamp_pad, nicolae_swamp_triple_paths,
          swamp_pool2, grunt_ruined_hall
Swamp:3:  layout_basic_swamp, portal_ice_cave_entry_ice_statue_one,
          evilmike_swamp_ruin_house_4, uniq_mlioglotl
Swamp:4:  byrel_swamp_growth_death_and_undeath, layout_basic_swamp, uniq_roxanne
Orc:1:    layout_caves, uniq_josephine
Orc:2:    st_orc_town, layout_diamond_mine

Skill      XL: |  1  2  3  4  5  6  7  8  9 10 11 12 13 14 15 16 17 |
---------------+----------------------------------------------------+-----
Dodging        | 3 4 5 6 7 9 10 12 13 14 15 16 17 | 17.0
Fighting       | 1 2 3 4 5 7 8 10 11 12 13 14 | 14.3
Stealth        | 3 |  3.0
Armour         | 1 2 3 |  3.8
Long Blades    | 1 2 4 5 7 9 10 11 12 13 14 | 14.0
Ice Magic      | 5 6 7 8 9 10 11 12 13 14 15 | 15.0
Throwing       | 1 2 3 |  3.0
Spellcasting   | 3 4 5 6 7 8 9 10 11 12 | 12.2
Conjurations   | 2 3 5 |  5.0
Invocations    | 1 3 4 5 6 8 |  8.0
Evocations     | 1 3 |  3.0
Polearms       | 1 |  1.0
Summonings     | 2 4 |  4.0
Shields        | 1 4 6 |  6.0

Action                     |  1- 3 |  4- 6 |  7- 9 | 10-12 | 13-15 | 16-18 || total
---------------------------+-------+-------+-------+-------+-------+-------++-------
  Melee: Club              |    17 |       |       |       |       |       ||    17
         Whip              |    47 |    69 |     6 |       |       |       ||   122
         Staff             |     2 |       |       |       |       |       ||     2
         Long sword        |       |       |    87 |   307 |   612 |   550 ||  1556
         Punch             |       |       |       |     4 |     8 |       ||    12
         Tailslap          |       |       |       |       |     7 |    49 ||    56
  Throw: Dart              |     6 |    11 |     4 |    38 |    18 |     5 ||    82
         Stone             |     4 |       |       |       |       |       ||     4
         Boomerang         |       |     2 |    44 |    82 |    71 |    44 ||   243
         Javelin           |       |       |       |     1 |     3 |       ||     4
   Cast: Freeze            |    36 |    16 |    48 |    57 |    40 |    22 ||   219
         Frozen Ramparts   |       |     6 |    26 |    51 |    93 |    19 ||   195
         Ozocubu's Armour  |       |     1 |     9 |    35 |    65 |    50 ||   160
         Summon Ice Beast  |       |       |       |       |    47 |    48 ||    95
         Hailstorm         |       |       |       |       |     2 |     4 ||     6
         Magic Dart        |       |       |       |       |       |    15 ||    15
         Searing Ray       |       |       |       |       |       |     8 ||     8
  Evoke: Wand              |       |       |       |    11 |     7 |    12 ||    30
         Phial of floods   |       |       |       |       |       |     1 ||     1
    Use: Scroll            |       |     8 |     4 |     4 |    12 |    11 ||    39
         Potion            |       |       |     3 |     3 |     1 |     1 ||     8
   Stab: Sleeping          |     6 |     4 |     1 |       |     5 |     4 ||    20
         Distracted        |       |       |       |     4 |     9 |    14 ||    27
         Paralysed         |       |       |       |     5 |     3 |       ||     8
         Invisible         |       |       |       |     1 |     2 |       ||     3
 Armour: Robe              |    15 |     1 |       |    12 |   179 |   191 ||   398
         Leather armour    |       |    29 |    55 |    31 |       |       ||   115
         Skin              |       |       |     3 |       |       |       ||     3
         Steam dragon scal |       |       |       |    64 |       |       ||    64
  Dodge: Dodged            |    48 |    52 |   105 |   307 |   651 |   468 ||  1631
  Block: Buckler           |       |       |       |       |    86 |   185 ||   271

Table legend: (Time is in decaauts)
 A = Elapsed time spent in this place.
 B = Non-inter-level travel time spent in this place.
 C = Inter-level travel time spent in this place.
 D = Time resting spent in this place.
 E = Time spent auto-exploring this place.
 F = Levels seen in this place.
 G = Mean time per level.
                   A        B        C        D        E       F      G
               +--------+--------+--------+--------+--------+-----+--------+
         Total |  33533 |  31225 |   2308 |   4199 |  19538 |  28 | 1197.6 |
       Dungeon |  17493 |  16027 |   1466 |   1838 |  10736 |  15 | 1166.2 |
        Temple |    109 |     90 |     19 |      0 |     77 |   1 |  109.0 |
          Lair |   6904 |   6470 |    434 |    185 |   4718 |   5 | 1380.8 |
         Swamp |   6508 |   6269 |    239 |   1960 |   2704 |   4 | 1627.0 |
  Orcish Mines |   2078 |   1929 |    149 |    136 |   1169 |   2 | 1039.0 |
      Gauntlet |    439 |    439 |      0 |     80 |    132 |   1 |  439.0 |
               +--------+--------+--------+--------+--------+-----+--------+

Top non-repeatable levels by time:
 Swamp:2: 2178 daAuts
    D:11: 1907 daAuts
  Lair:4: 1906 daAuts
 Swamp:4: 1729 daAuts
    D:15: 1567 daAuts
  Lair:2: 1555 daAuts
     D:9: 1522 daAuts
  Lair:5: 1485 daAuts
 Swamp:3: 1484 daAuts
     D:5: 1480 daAuts
    D:10: 1261 daAuts
     D:8: 1177 daAuts
    D:14: 1151 daAuts
  Lair:1: 1145 daAuts
 Swamp:1: 1116 daAuts
